 Dungeon Crawl Stone Soup version 0.31.0-4-g52a2dc7128 (webtiles) character file.

Game seed: 2177106049727505839

51 MollyMolluskus the Trooper (level 3, -7/26 HPs)
             Began as an Octopode Fighter on Jan 22, 2024.
             Splashed by a jelly's acid (8 damage)
             ... on level 3 of the Dungeon.
             The game lasted 00:03:57 (1562 turns).

MollyMolluskus the Trooper (Octopode Fighter)       Turns: 1562, Time: 00:03:57

Health: -7/26      AC: -7    Str: 17    XL:     3   Next: 81%
Magic:  3/3        EV: 13    Int: 10    God:
Gold:   78         SH:  6    Dex: 11    Spells: 2/2 levels left

rFire   . .          .
                       - Unarmed
rCold   . . .        a - +2 buckler
rNeg    . . .        (helmet restricted)
rPois   .            f - amulet of the acrobat
rElec   .            (no ring)
rCorr   .            (no ring)
SInv    .            (no ring)
Will    .....        (no ring)
Stlth   +++          (no ring)
HPRegen 0.24/turn    (no ring)
MPRegen 0.08/turn    (no ring)
                     (no ring)

%: acrobat
@: corroded
A: almost no armour, amphibious, 8 rings, camouflage 1, gelatinous body 1,
(nimble swimmer 1), tentacles
a: no special abilities


You were on level 3 of the Dungeon.
You visited 1 branch of the dungeon, and saw 3 of its levels.

You collected 78 gold pieces.

Inventory:

Missiles
 c - 29 stones (quivered)
Armour
 a - a +2 buckler (worn)
Jewellery
 f - an amulet of the acrobat (around mantle)
Scrolls
 g - a scroll of identify
Potions
 b - a potion of might
 h - a potion of attraction


   Skills:
 + Level 3.2 Fighting
 + Level 3.2 Dodging
 + Level 1.8 Stealth
 + Level 3.2 Shields
 * Level 2.9 Unarmed Combat


You had 2 spell levels left.
You didn't know any spells.
Your spell library contained the following spells:

 Spells                   Type           Power      Damage    Failure   Level
 Mercury Vapours          Alch/Air       0%         N/A       58%         2
 Static Discharge         Conj/Air       0%         3-3/arc   58%         2
 Teleport Other           Tloc           0%         N/A       82%         3
 Disjunction              Tloc           0%         N/A       100%        8


Dungeon Overview and Level Annotations

Branches:
Dungeon (3/15)

Altars:

Shops:
D:3 *


Innate Abilities, Weirdness & Mutations

You cannot wear most types of armour.
You are amphibious.
You can wear up to eight rings at the same time.
Your skin changes colour to match your surroundings (Stealth+).
Your rubbery body absorbs attacks. (AC +1, EV +1)
((You are camouflaged when in or above water. (Stealth+)))
You have tentacles for arms and can constrict up to eight enemies at once.


Message History

You kill the kobold!
You see here a +0 dagger.
You now have 78 gold pieces (gained 6).
An endoplasm comes into view.
Throw: 30 stones
Press: ? - help, Q - select action Shift-Dir - straight line, f - endoplasm
Aim: an endoplasm (wandering, hasn't noticed you, 83% to hit)
You throw a stone. The stone hits the endoplasm.
The endoplasm is lightly wounded.
Unknown command.
You bludgeon the endoplasm!
You kill the endoplasm!
There is a stone staircase leading up here.
A jelly comes into view.
The helpless jelly fails to defend itself.
You tentacle-slap the jelly.
Your tentacles burn!
The jelly is lightly wounded.
The jelly hits you.
You are splashed with acid!
You tentacle-slap the jelly.
Your tentacles burn!
You squeeze the jelly.
The jelly is heavily wounded.
The jelly barely misses you.
You tentacle-slap the jelly. The acid corrodes you!
Your tentacles burn!
The jelly is almost dead.
The jelly barely misses you.
You tentacle-slap the jelly but do no damage.
The acid corrodes you!
Your tentacles burn!
* * * LOW HITPOINT WARNING * * *
The jelly is almost dead.
You block the jelly's attack.
You tentacle-slap the jelly but do no damage.
Your tentacles burn!
* * * LOW HITPOINT WARNING * * *
The jelly is almost dead.
You block the jelly's attack.
You completely miss the jelly.
The jelly is almost dead.
The jelly hits you.
* * * LOW HITPOINT WARNING * * *
You are splashed with acid!
You die...

###########
#...@J....# #
#.###.......
##.##<###.###.##
#.........# ##
....###)##### .#
#######.# .#
........# .#
#######.# .# #.#


You could see a jelly.

Vanquished Creatures
  5 endoplasms
  3 giant cockroaches (D:1)
  3 goblins
  10 hobgoblins
  2 quokkas
  2 ball pythons
  4 bats
  5 frilled lizards
  5 kobolds
  7 rats
46 creatures vanquished.

Notes
Turn   | Place    | Note
-------+----------+-------------------------------------------
     0 | D:1      | MollyMolluskus the Octopode Fighter began the quest for the
                  | Orb.
     0 | D:1      | Reached XP level 1. HP: 16/16 MP: 1/1
    35 | D:1      | Reached XP level 2. HP: 17/21 MP: 2/2
   459 | D:1      | Reached skill level 1 in Stealth
   469 | D:1      | Got the Encyclopedia of Gaseous Transposition
   723 | D:1      | Reached XP level 3. HP: 26/26 MP: 3/3
  1507 | D:3      | Found Kasuh's General Store.
  1562 | D:3      | HP: 1/26 [jelly (2)]
  1562 | D:3      | Splashed by a jelly's acid

Illustrated notes

Levels and vault maps discovered:
D:1:      minmay_arrival_up_and_down, layout_basic, minmay_tripent
D:2:      layout_rooms, nrook_uturn, kennysheep_donut
D:3:      layout_loops_ring, gammafunk_temple_overflow_statue,
          jmf_multi_god_temple2, serial_shops, shop, nicolae_shop_rolling_square

Skill      XL: |  1  2 |
---------------+-------+-----
Stealth        | 1 |  1.8
Fighting       | |  3.2
Dodging        | |  3.2
Shields        | |  3.2
Unarmed Combat | |  2.9

Action                     || total
---------------------------++-------
  Melee: Unarmed           ||    83
         Tentacles         ||    17
         Constrict         ||    22
         Punch             ||     2
  Throw: Stone             ||     4
    Use: Scroll            ||     5
   Stab: Sleeping          ||     7
 Armour: Skin              ||    16
  Dodge: Dodged            ||    46
  Block: Buckler           ||     5
